 Seeded DCSS version 0.29-a0-356-g7bc237e783 (webtiles) character file.

Game seed: 13387057801375688922 (custom seed)

5558 zeratav the Transmogrifier (level 10, -6/79 HPs)
             Began as an Octopode Transmuter on Apr 26, 2022.
             Killed from afar by an orc wizard (7 damage)
             ... with a puff of flame
             ... on level 10 of the Dungeon.
             The game lasted 00:18:12 (11353 turns).

zeratav the Transmogrifier (Octopode Transmuter)   Turns: 11353, Time: 00:18:13

Health: -6/79      AC: 13    Str: 22    XL:     10   Next: 71%
Magic:  10/13      EV: 12    Int: 31    God:
Gold:   651        SH:  5    Dex: 17    Spells: 8/13 levels left

rFire   x . .      SeeInvis .     - Unarmed
rCold   + + +      Faith    .   (shield currently unavailable)
rNeg    . . .      Spirit   .   (helmet currently unavailable)
rPois   +          Reflect  +   r - amulet of Dithroic {Reflect Drain Int+7 Dex+2 SH+5}
rElec   .          Harm     .   d - ring of Zefenech {Str+6 Int+4 Dex+3}
rCorr   .          Rampage  .   t - +4 ring of protection
Will    .....                   z - +6 ring of strength
Stlth   ++........              C - ring of flight
HPRegen 0.23/turn               (no ring)
MPRegen 0.13/turn               (no ring)
                                (no ring)
                                (no ring)

@: ice-form, flying
A: freezing attack, boosted hp, almost no armour, amphibious, 8 rings, large,
(camouflage 1), (gelatinous body 1), (nimble swimmer 1), (tentacles)
a: End Transformation


You were on level 10 of the Dungeon.
You were a creature of crystalline ice.
You visited 2 branches of the dungeon, and saw 11 of its levels.

You collected 651 gold pieces.


Innate Abilities, Weirdness & Mutations

You are a creature of crystalline ice.
You have a powerful freezing melee attack.
Your maximum health is increased.
Your armour is entirely melded.
You are incapable of wielding weapons or throwing items.
You cannot wear most types of armour.
You are amphibious.
You can wear up to eight rings at the same time.
((Your skin changes colour to match your surroundings (Stealth+).))
((Your rubbery body absorbs attacks. (AC +1, EV +1)))
((You are camouflaged when in or above water. (Stealth+)))
((You have tentacles for arms and can constrict up to eight enemies at once.))


   Skills:
 - Level 5.0 Fighting
 + Level 5.6 Dodging
 - Level 3.0 Unarmed Combat
 - Level 2.0 Spellcasting
 - Level 10.0 Transmutations
 - Level 10.0 Earth Magic


You had 8 spell levels left.
You knew the following spells:

 Your Spells              Type           Power      Damage    Failure   Level
a - Beastly Appendage     Tmut           100%       N/A       1%          1
b - Ice Form              Ice/Tmut       34%        N/A       10%         4

Your spell library contained the following spells:

 Spells                   Type           Power      Damage    Failure   Level
 Sandblast                Erth           100%       2d20      1%          1
 Passwall                 Tmut/Erth      50%        N/A       1%          2
 Wereblood                Tmut           60%        N/A       1%          2
 Spider Form              Tmut/Pois      34%        N/A       2%          3
 Stone Arrow              Conj/Erth      68%        3d11      2%          3
 Sublimation of Blood     Necr           3%         N/A       11%         2
 Summon Hydra             Summ           1%         N/A       100%        7

Inventory:

Hand Weapons
 k - a +4 spectral club (melded) {mace}
   (You took it off Jessica on level 2 of the Dungeon)
Jewellery
 d - the ring of Zefenech (left front paw) {Str+6 Int+4 Dex+3}
   (You acquired it on level 1 of the Dungeon)

   [ring of strength]

   Str:       It affects your strength (+6).
   Int:       It affects your intelligence (+4).
   Dex:       It affects your dexterity (+3).
 m - an amulet of faith {!P}
   (You found it on level 2 of the Dungeon)
 r - the amulet of Dithroic (around neck) {Reflect Drain Int+7 Dex+2 SH+5}
   (You acquired it on level 8 of the Dungeon)

   [amulet of reflection]

   It reflects blocked missile attacks.
   Int:       It affects your intelligence (+7).
   Dex:       It affects your dexterity (+2).
   Drain:     It drains your maximum health when unequipped.
   SH:        It affects your SH (+5).
 t - a +4 ring of protection (right front paw)
   (You found it on level 4 of the Dungeon)
 y - an amulet of regeneration {@e2}
   (You found it on level 5 of the Dungeon)
 z - a +6 ring of strength (on tentacle)
   (You found it on level 6 of the Dungeon)
 C - a ring of flight (on tentacle)
   (You found it on level 7 of the Dungeon)
 G - a ring of positive energy
   (You found it on level 10 of the Dungeon)
Wands
 A - a wand of charming (13)
   (You found it on level 6 of the Dungeon)
 B - a wand of acid (8)
   (You found it on level 7 of the Dungeon)
Scrolls
 b - 2 scrolls of teleportation {@r4}
 e - 2 scrolls of enchant weapon {unknown}
 h - 2 scrolls of enchant armour {unknown}
 i - a scroll of vulnerability {unknown}
 o - 3 scrolls of fear {unknown}
 u - 2 scrolls of noise {unknown}
 v - 6 scrolls of holy word
 w - 3 scrolls of fog {unknown}
 x - 3 scrolls of immolation {unknown}
 D - 5 scrolls of identify {@r1}
 E - 2 scrolls of brand weapon {unknown}
Potions
 a - 3 potions of lignification {!q}
 c - 9 potions of curing {@q1}
 f - 2 potions of heal wounds {unknown}
 g - 5 potions of attraction {unknown}
 j - a potion of berserk rage {unknown}
 l - a potion of cancellation {unknown}
 n - 2 potions of flight {unknown}
 p - 2 potions of mutation {unknown}
 q - 3 potions of ambrosia {unknown}
 s - a potion of resistance {unknown}

Dungeon Overview and Level Annotations

Branches:
Dungeon (10/15)            Temple (1/1) D:7             Orc (0/2) D:9
   Lair: D:8-11

Altars:
Ashenzari
Cheibriados
Dithmenos
Fedhas
Gozag
Hepliaklqana
Kikubaaqudgha
Makhleb
Nemelex Xobeh
Okawaru
Qazlal
Ru
Sif Muna
Trog
Uskayaw
Vehumet
Wu Jian
Xom
Yredelemnul
Zin
The Shining One

Annotations:
D:2 1 runed translucent door, Crazy Yiuf
D:7 2 transporters, croobank's ghost, novice OpFE
D:8 3 runed translucent doors, bande's ghost, novice GrFi
D:10 Gastronok; Snorg; Urug

....'...).)#####
......###
..###...#o##...#.#
...#......
..#.....#......#o##
o..#......
..#........†...#..#....#
..###..........#..#.....
....#...................
....#.........≈.§≈≈≈≈.≈.
....#.........≈.......≈.
....#.........≈.Y...≈.≈.
^<..#.#.......≈.≈._.≈.≈.
....#.#######.≈.≈...≈.≈.
#+###.........≈.......≈.
..............≈.≈≈≈≈≈.≈.
....(......##...........
...........###.........#
...........# ###########
...........#


You could see Urug, an orc wizard and an orc.


Message History

The troll shouts!
An orc comes into view. It is wielding a +0 flail.
The orc shouts!
There is an open door here.
Urug the Orcish Ballista comes into view.
She is wielding a +1 double sword of holy wrath.
An orc wizard comes into view. It is wielding a +0 dagger.
MP[+1]
Your mp is fully restored (13).
Urug shouts!
The orc wizard shouts!
You hit the troll. You freeze the troll. The troll completely misses you.
The troll claws you but does no damage. The troll barely misses you.
You hit the troll. You freeze the troll. The troll bites you.
The troll completely misses you. The troll claws you.
Urug screams, "All you harpies will die!"
HP[-7]
You take 7 damage, and now have 72/79 hp.
You hit the troll. You freeze the troll. The troll barely misses you.
The troll claws you. The troll closely misses you.
HP[-3]
You take 3 damage, and now have 69/79 hp.
You punch the troll! You freeze the troll.
Your transformation is almost over.
The troll bites you but does no damage. You block the troll's attack.
The troll claws you.
The orc wizard gestures wildly while chanting.
The orc wizard flickers and vanishes!
Deactivating autopickup; reactivate with Ctrl-A.
HP[-4]
You take 4 damage, and now have 65/79 hp.
You punch the troll! You freeze the troll. The orc hits you but does no damage.
The troll bites you.
The troll claws you but does no damage. x2
HP[-4]
You take 4 damage, and now have 61/79 hp.
You hit the troll. You freeze the troll. You block the troll's attack.
The troll claws you but does no damage. The troll completely misses you.
HP[+1]
You punch the troll! You freeze the troll.
You kill the troll!
Something hits you but does no damage.
You punch something! You freeze something.
Reactivating autopickup.
You feel a bit more experienced.
You punch the orc! You freeze the orc.
You kill the orc!
Urug hits you with a +1 double sword of holy wrath!!
HP[-21]
You take 21 damage, and now have 41/79 hp.
MASSIVE DAMAGE!! (PAUSE)
You barely miss Urug.
Urug hits you with a +1 double sword of holy wrath!
* * * LOW HITPOINT WARNING * * *
HP[-8]
You take 8 damage, and now have 33/79 hp.
You hit Urug but do no damage. Urug closely misses you.
You punch Urug! You freeze Urug.
You warm up again.
Your +4 spectral club {mace} unmelds from your body.
You feel a bond with your +4 spectral club {mace}.
Urug closely misses you.
HP[-5]
You now have 66 max hp (-13).
Casting: Ice Form (dangerous; 10% risk of failure)
Confirm with . or Enter, or press ? or * to list all spells.
You turn into a creature of crystalline ice.
Your +4 spectral club {mace} melds into your body.
Urug hits you with a +1 double sword of holy wrath!
* * * LOW HITPOINT WARNING * * *
HP[-3] MP[-4]
You now have 79 max hp (+13).
You lost 4 mp, and now have 9/13 mp.
You completely miss Urug.
Urug hits you with a +1 double sword of holy wrath!
* * * LOW HITPOINT WARNING * * *
HP[-7]
You take 7 damage, and now have 18/79 hp.
You hit Urug but do no damage.
HP[+1]
You barely miss Urug.
Urug hits you with a +1 double sword of holy wrath.
* * * LOW HITPOINT WARNING * * *
HP[-5]
You take 5 damage, and now have 14/79 hp.
You hit Urug. You freeze Urug. Urug hits you but does no damage.
You hit Urug. You freeze Urug. Urug barely misses you.
You hit Urug but do no damage. You block Urug's attack.
HP[+1]
You barely miss Urug.
Urug hits you with a +1 double sword of holy wrath!
* * * LOW HITPOINT WARNING * * *
HP[-14] MP[+1]
You take 14 damage, and now have 1/79 hp.
You hit Urug. You freeze Urug. You block Urug's attack.
Unknown command.
Blink to where?
Press: ? - help, Q - select action, (/) - cycle Dir - move target An orc wizard and 2 orcs come into view.
As you read the scroll of blinking {!r}, it crumbles to dust.
The orc shouts!
The orc wizard points at you and mumbles some strange words.
The puff of flame hits you! The fire burns you terribly!
You die...

Skill      XL: |  1  2  3  4  5  6  7  8  9 10 |
---------------+-------------------------------+-----
Transmutations | 3 4 5 6 7 9 10 | 10.0
Fighting       | 5 |  5.0
Earth Magic    | 1 8 10 | 10.0
Dodging        | 5 |  5.6
Unarmed Combat | |  3.0
Spellcasting   | |  2.0

Action                   |  1- 3 |  4- 6 |  7- 9 | 10-12 || total
-------------------------+-------+-------+-------+-------++-------
Melee: Unarmed           |    38 |       |   107 |    85 ||   230
       Constrict         |    15 |    25 |    24 |       ||    64
       Kick              |    12 |    34 |    38 |       ||    84
       Tentacles         |     5 |    12 |    19 |       ||    36
       Punch             |     3 |     1 |     4 |       ||     8
       Club              |     3 |    81 |    94 |       ||   178
 Cast: Beastly Appendage |    16 |    34 |    33 |       ||    83
       Ice Form          |       |       |    16 |     9 ||    25
  Use: Scroll            |     1 |       |     2 |     4 ||     7
       Potion            |       |       |     1 |     2 ||     3
 Stab: Sleeping          |     4 |     5 |     5 |       ||    14
       Distracted        |       |       |     1 |       ||     1
Armor: Skin              |     1 |     1 |    85 |    46 ||   133
Dodge: Dodged            |    18 |    46 |   151 |    43 ||   258
Block: Other             |       |       |    30 |    27 ||    57
       Reflection        |       |       |     1 |       ||     1

Levels and vault maps discovered:
D:1:      saegor_arrival_fortress, layout_rooms,
          shapermc_ecumenical_altar_acropolis, hangedman_decor_riveting
D:2:      layout_loops_corners, serial_rivers, chequers_serial_rivers_micro_a,
          chequers_serial_rivers_room_b, chequers_serial_rivers_large_b,
          chequers_serial_rivers_micro_b, minmay_randomly_rotated_circles,
          uniq_crazy_yiuf_cottage, uniq_terence, uniq_jessica
D:3:      layout_loops_cross, nicolae_overflow_hidden_temple
D:4:      layout_basic, lemuel_crystal_altar, mainiacjoe_overflow_alcove_2,
          minmay_distorted
D:5:      minmay_evil_eye, layout_cave_pools, minmay_crystal_room
D:6:      layout_cave_pools, kennysheep_donut, minmay_misc_feat_tower
D:7:      nicolae_cairo_tiling_very_big, layout_loops_ring,
          minmay_temple_entry_mini_moons, gammafunk_ghost_berserking_beasts
D:8:      layout_basic, ebering_ghost_rock_garden
D:9:      layout_stronghold, mainiacjoe_overflow_boulevard, david_orc_1_choice
D:10:     layout_irregular_city, mainiacjoe_overflow_cross_hatched,
          mainiacjoe_overflow_divided_tiny, enter_trove_1, serial_column_ruins,
          column_ruins_square_small, column_ruins_square_large,
          column_ruins_open_small, column_ruins_open_tiny,
          column_ruins_open_small, column_ruins_columns_corner,
          column_ruins_columns_T, minmay_fractal_squares_diagonal_5, uniq_snorg,
          uniq_gastronok, uniq_urug
Temple:   regret_index_temple_generic_petals

Notes
Turn   | Place    | Note
-------+----------+-------------------------------------------
     0 | D:1      | zeratav the Octopode Transmuter began the quest for the
                  | Orb.
     0 | D:1      | Reached XP level 1. HP: 13/13 MP: 3/3
     0 | D:1      | magus.rc [v1.9.6]
   100 | D:1      | HP: 3/13 [constriction (1)]
   101 | D:1      | HP: 1/13 [constriction (1)]
   105 | D:1      | Reached XP level 2. HP: 1/18 MP: 5/5
   456 | D:1      | Found a faded altar of an unknown god.
   458 | D:1      | Identified a scroll of acquirement
   458 | D:1      | Acquired the ring of Zefenech {Str+6 Int+4 Dex+3}
   504 | D:1      | Reached skill level 3 in Transmutations
   561 | D:1      | You pick up a book of Blood and begin reading...
   561 | D:1      | You add the spells Sublimation of Blood and Summon Hydra to
                  | your library.
   734 | D:1      | You pick up a book of Geomancy and begin reading...
   734 | D:1      | You add the spells Sandblast, Passwall and Stone Arrow to
                  | your library.
  1107 | D:2      | Noticed Terence
  1131 | D:2      | Reached XP level 3. HP: 23/23 MP: 4/6
  1226 | D:2      | Noticed Jessica
  1232 | D:2      | Killed Jessica
  1233 | D:2      | Reached skill level 4 in Transmutations
  1481 | D:2      | Reached XP level 4. HP: 23/28 MP: 5/7
  2254 | D:2      | Found a runed translucent door.
  2255 | D:2      | Noticed Crazy Yiuf
  2384 | D:2      | Killed Terence
  2385 | D:2      | Reached skill level 5 in Transmutations
  2385 | D:2      | Reached XP level 5. HP: 28/33 MP: 6/8
  3429 | D:3      | Reached skill level 6 in Transmutations
  3529 | D:3      | Reached XP level 6. HP: 37/38 MP: 9/9
  3818 | D:4      | Found a shimmering altar of Xom.
  4171 | D:4      | Reached skill level 7 in Transmutations
  4323 | D:4      | Reached XP level 7. HP: 40/43 MP: 8/10
  4511 | D:4      | Reached skill level 8 in Transmutations
  4954 | D:4      | Found a blossoming altar of Fedhas.
  5032 | D:5      | Entered Level 5 of the Dungeon
  5813 | D:6      | HP: 8/43 [iguana (6)]
  5815 | D:6      | Reached skill level 9 in Transmutations
  5815 | D:6      | Reached XP level 8. HP: 10/48 MP: 11/11
  5909 | D:6      | Learned a level 4 spell: Ice Form
  6092 | D:6      | Reached skill level 10 in Transmutations
  6102 | D:6      | Reached skill level 2 in Fighting
  6436 | D:7      | Found a staircase to the Ecumenical Temple.
  6516 | Temple   | Entered the Ecumenical Temple
  6802 | D:7      | Reached skill level 3 in Fighting
  6894 | D:7      | Found a transporter.
  6899 | D:7      | Noticed croobank's ghost (novice OpFE)
  6900 | D:7      | Noticed a wyvern
  6913 | D:7      | Noticed a moth of wrath
  6913 | D:7      | Noticed a catoblepas
  6923 | D:7      | Found a transporter.
  7019 | D:7      | Reached skill level 4 in Fighting
  7061 | D:7      | HP: 10/54 [steam dragon/ball of steam (16)]
  7063 | D:7      | Reached skill level 5 in Fighting
  7063 | D:7      | Reached skill level 1 in Earth Magic
  7402 | D:7      | Reached XP level 9. HP: 55/61 MP: 12/12
  7481 | D:8      | Reached skill level 2 in Earth Magic
  7564 | D:8      | Acquired the amulet of Dithroic {Reflect Drain Int+7 Dex+2
                  | SH+5}
  7610 | D:8      | Reached skill level 3 in Earth Magic
  7746 | D:8      | Noticed a cyclops
  7747 | D:8      | Found a runed translucent gate.
  8109 | D:8      | HP: 10/73 [cyclops (24)]
  8111 | D:8      | Killed a cyclops
  8112 | D:8      | Reached skill level 5 in Earth Magic
  8392 | D:8      | Found a runed translucent gate.
  8393 | D:8      | Found a runed translucent gate.
  8393 | D:8      | Noticed bande's ghost (novice GrFi)
  8725 | D:9      | Noticed a tengu conjurer
  8729 | D:9      | Noticed a tengu warrior
  8743 | D:9      | HP: 18/73 [killer bee (5)]
  9041 | D:9      | Found a glowing silver altar of Zin.
  9081 | D:9      | Reached skill level 6 in Earth Magic
  9320 | D:9      | Found a staircase to the Orcish Mines.
  9344 | D:9      | Reached skill level 7 in Earth Magic
  9816 | D:9      | Reached skill level 8 in Earth Magic
  9844 | D:9      | Reached XP level 10. HP: 48/66 MP: 13/13
 10386 | D:10     | Entered Level 10 of the Dungeon
 10386 | D:10     | Noticed a green ugly thing
 10527 | D:10     | Found an opulent altar of Gozag.
 10528 | D:10     | Found a hide-covered altar of Uskayaw.
 10561 | D:10     | Reached skill level 9 in Earth Magic
 10910 | D:10     | Noticed Snorg
 10915 | D:10     | Noticed a two-headed ogre
 10922 | D:10     | Killed a two-headed ogre
 10923 | D:10     | Reached skill level 10 in Earth Magic
 11098 | D:10     | Reached skill level 3 in Dodging
 11103 | D:10     | Reached skill level 4 in Dodging
 11103 | D:10     | Noticed Gastronok
 11316 | D:10     | Found a hazy altar of Hepliaklqana.
 11327 | D:10     | Killed a green ugly thing
 11328 | D:10     | Reached skill level 5 in Dodging
 11331 | D:10     | Noticed Urug
 11345 | D:10     | HP: 18/79 [Urug/+1 double sword of holy wrath (7)]
 11351 | D:10     | HP: 1/79 [Urug/+1 double sword of holy wrath (14)]
 11353 | D:10     | Killed from afar by an orc wizard

Vanquished Creatures
  A two-headed ogre (D:10)
  An ugly thing (D:10)
  A cyclops (D:8)
  A troll (D:10)
  A vampire (D:10)
  A steam dragon (D:7)
  4 vampire mosquitoes (D:10)
  2 water moccasins
  A black bear (D:4)
  7 orc warriors
  An ogre (D:6)
  2 phantoms
  5 bullfrogs
  A scorpion (D:6)
  4 wights (D:10)
  7 killer bees (D:9)
  4 howler monkeys
  3 jellies
  2 hounds (D:6)
  8 orc priests
  Jessica (D:2)
  Terence (D:2)
  6 iguanas
  5 orc wizards
  12 adders
  A shadow imp (D:8)
  A white imp (D:7)
  2 worms (D:2)
  A dart slug (D:3)
  36 orcs
  12 ball pythons
  4 bats
  8 endoplasms
  7 giant cockroaches
  8 goblins
  9 hobgoblins
  3 jackals (D:5)
  5 quokkas
  4 frilled lizards (D:1)
  2 kobolds (D:1)
  6 rats
191 creatures vanquished.

Vanquished Creatures (others)
  3 fungi (D:1)
  A plant (D:1)
4 creatures vanquished.

Grand Total: 195 creatures vanquished

Table legend:
 A = Non-vault XP
 B = Vault XP
 C = Vault XP percentage of total XP
 D = Non-vault monster count
 E = Vault monster count
 F = Vault count percentage of total count
                 A         B        C        D         E       F
            +---------+---------+-------+---------+---------+-------
      Total |    5306 |    2635 |  33.2 |     166 |      25 |  13.1
            +---------+---------+-------+---------+---------+-------
        D:1 |      29 |       0 |   0.0 |      20 |       0 |   0.0
        D:2 |      79 |      82 |  50.9 |      21 |       8 |  27.6
        D:3 |     133 |       0 |   0.0 |      20 |       0 |   0.0
        D:4 |     539 |      38 |   6.6 |      26 |       3 |  10.3
        D:5 |      12 |       0 |   0.0 |       5 |       0 |   0.0
        D:6 |     907 |       0 |   0.0 |      20 |       0 |   0.0
        D:7 |     563 |       0 |   0.0 |      13 |       0 |   0.0
        D:8 |     841 |       0 |   0.0 |       9 |       0 |   0.0
        D:9 |    1106 |     507 |  31.4 |      18 |       9 |  33.3
       D:10 |    1097 |    2008 |  64.7 |      14 |       5 |  26.3
            +---------+---------+-------+---------+---------+-------

Illustrated notes

Table legend:
 A = Kills in this place as a percentage of kills in entire the game.
 B = Kills by you in this place as a percentage of kills by you in the entire game.
 C = Kills by friends in this place as a percentage of kills by friends in the entire game.
 D = Other kills in this place as a percentage of other kills in the entire game.
 E = Experience gained in this place as a percentage of experience gained in the entire game.
 F = Experience gained in this place divided by the number of levels of this place that you have seen.
                   A       B       C       D       E      F
               +-------+-------+-------+-------+-------+----------------------
         Total | 100.0 | 100.0 |   N/A |   N/A | 100.0 | 721.9
       Dungeon | 100.0 | 100.0 |   N/A |   N/A | 100.0 | 794.1
               +-------+-------+-------+-------+-------+----------------------

Table legend: (Time is in decaauts)
 A = Elapsed time spent in this place.
 B = Non-inter-level travel time spent in this place.
 C = Inter-level travel time spent in this place.
 D = Time resting spent in this place.
 E = Time spent auto-exploring this place.
 F = Levels seen in this place.
 G = Mean time per level.
                   A        B        C        D        E       F      G
               +--------+--------+--------+--------+--------+-----+--------+
         Total |  11391 |  10753 |    638 |   3376 |   5330 |  11 | 1035.5 |
       Dungeon |  11135 |  10549 |    586 |   3376 |   5132 |  10 | 1113.5 |
        Temple |    255 |    204 |     51 |      0 |    198 |   1 |  255.0 |
               +--------+--------+--------+--------+--------+-----+--------+

Top non-repeatable levels by time:
     D:9: 2118 daAuts
     D:2: 1788 daAuts
     D:3: 1183 daAuts
     D:4: 1112 daAuts
     D:8: 983 daAuts
     D:1: 975 daAuts
     D:6: 871 daAuts
     D:7: 844 daAuts
    D:10: 788 daAuts
     D:5: 469 daAuts
  Temple: 255 daAuts
